 Dungeon Crawl Stone Soup version 0.26.1-11-gd32895ea62 (webtiles) character file.

Game seed: 16679606130711113781

364 growler the Stinger (level 6, -6/41 HPs)
             Began as a Demonspawn Venom Mage on June 25, 2021.
             Was an Initiate of Gozag.
             Killed from afar by an orc wizard (10 damage)
             ... with a magic dart
             ... on level 4 of the Dungeon.
             The game lasted 00:14:36 (4752 turns).

growler the Stinger (Demonspawn Venom Mage)         Turns: 4752, Time: 00:14:36

Health: -6/41      AC:  7    Str:  9    XL:     6   Next: 39%
Magic:  2/11       EV: 12    Int: 18    God:    Gozag
Gold:   60         SH:  0    Dex: 13    Spells: 2/12 levels left

rFire    . . .     SeeInvis .   j - +3 dagger
rCold    + . .     Faith    .   (no shield)
rNeg     . . .     Spirit   .   a - +0 robe
rPois    +         Reflect  .   h - +0 helmet
rElec    .         Harm     .   (no cloak)
rCorr    .         Rampage  .   (no gloves)
Will     .....                  (no boots)
Stlth    ++........             (no amulet)
HPRegen  0.13/turn              o - ring of wizardry
MPRegen  0.12/turn              n - ring of poison resistance

@: gold aura, slowed, very slow
A: icy blue scales 3
a: Renounce Religion, Potion Petition, Call Merchant, Bribe Branch


You were on level 4 of the Dungeon.
You worshipped Gozag.
Gozag was noncommittal.
You visited 2 branches of the dungeon, and saw 5 of its levels.

You collected 99 gold pieces.
You paid 39 gold pieces to Gozag.

Inventory:

Hand Weapons
 j - a +3 dagger (weapon)
   (You took it off a goblin on level 2 of the Dungeon)
Armour
 a - a +0 robe (worn)
 h - a +0 helmet (worn)
   (You found it on level 2 of the Dungeon)
Jewellery
 i - an uncursed ring of protection from fire
   (You found it on level 1 of the Dungeon)
 n - a ring of poison resistance (right hand)
   (You found it on level 2 of the Dungeon)
 o - a ring of wizardry (left hand)
   (You found it on level 2 of the Dungeon)
Scrolls
 b - a scroll of amnesia {unknown}
 d - a scroll of blinking {unknown}
 e - a scroll of magic mapping {unknown}
 f - a scroll of identify {unknown}
 g - a scroll of noise {unknown}
 p - a scroll of remove curse {unknown}
 q - a scroll of teleportation {unknown}
Potions
 c - a potion of degeneration {unknown}
 k - a potion of resistance {unknown}
 l - 2 potions of curing {unknown}
 m - a potion of invisibility {unknown}


   Skills:
 - Level 1.7 Dodging
 - Level 1.7 Stealth
 + Level 3.9 Spellcasting
 + Level 3.4 Transmutations
 + Level 4.8 Poison Magic


You had 2 spell levels left.
You knew the following spells:

 Your Spells              Type           Power        Failure   Level
a - Sting                 Tmut/Pois      72%          1%          1
b - Ignite Poison         Fire/Tmut/Pois 13%          6%          3
x - Poisonous Vapours     Pois/Air       24%          3%          2
y - Olgreb's Toxic Radia  Pois           20%          9%          4

Your spell library contained the following spells:

 Spells                   Type           Power        Failure   Level
 Mephitic Cloud           Conj/Pois/Air  9%           9%          3


Dungeon Overview and Level Annotations

Branches:
Dungeon (4/15)             Temple (1/1) D:4

Altars:
Ashenzari
Dithmenos
Fedhas
Gozag
Hepliaklqana
Kikubaaqudgha
Makhleb
Nemelex Xobeh
Qazlal
Ru
Sif Muna
Trog
Uskayaw
Vehumet
Wu Jian
Xom
Yredelemnul
Zin
The Shining One


Innate Abilities, Weirdness & Mutations

You are completely covered in icy blue scales. (AC +4, rC+)


Message History

You feel yourself slow down.
You ignite the poison in your surroundings!
The orc wizard seems to burn from within.
The orc wizard seems to burn from within!!!
You kill the orc wizard!
The orc seems to burn from within!
You kill the orc!
The orc wizard gestures at you while chanting.
You are confused.
An orc priest comes into view. It is wielding a +0 short sword.
You're too confused to cast spells.
The orc wizard gestures at you while chanting.
The magic dart hits you.
The orc wizard points at you and mumbles some strange words.
You resist with some effort.
The orc wizard becomes distracted by the nearby gold, dreaming of imaginary riches.
You bump into the stone wall.
You feel less confused.
The orc wizard gestures wildly while chanting.
The orc wizard blinks!
The orc priest mumbles some strange prayers to Beogh against you.
Pain shoots through your body!
The orc wizard is no longer distracted by gold.
The orc wizard gestures at you while chanting.
The magic dart hits you!
The orc wizard points at you and mumbles some strange words.
You resist with some effort.
The orc priest begins to cast a cantrip, but forgets the words!
The spell is quite dangerous to cast (9% risk of failure)!
Continue anyway?
You begin to radiate toxic energy.
The orc wizard is poisoned. x2
The orc priest is poisoned.
The orc wizard looks even sicker.
The orc priest looks even sicker.
The orc priest looks even sicker.
Your toxic aura wanes.
You don't have enough magic to cast that spell.
The orc wizard looks more healthy.
The orc wizard gestures at you while chanting.
The puff of flame hits you!
* * * LOW HITPOINT WARNING * * *
An orc comes into view.
It is wielding a +0 mace and wearing a +1 leather armour of cold resistance.
You kill the orc wizard!
The orc priest invokes the aid of Beogh against you.
You barely resist.
The orc priest calls down the wrath of Beogh upon you.
Pain shoots through your body!
* * * LOW HITPOINT WARNING * * *
The orc wizard gestures at you while chanting.
The magic dart hits you!
You die...
Your body crumbles into a pile of gold.

..... ....... . ... #.#.#
###..... #. ...> ##..#
##...... ... ....##...##
##..#...##...
.........####....#.#..#
#..........#..#..#[...#
#...........##o$..#...
###........o.$...>.....#
#.÷..<)@...o..#..o.##.$.
...............#....#..# .
......##÷......#..#.#.o...
....## #†.......##...#....
... #...............#.. ..
$ .............##....$ .
.....#...#...# .....
.....#)..#


You could see an orc priest (very poisoned) and an orc wizard.

Vanquished Creatures
  An ogre (D:4)
  An orc priest (D:3)
  3 orc wizards
  A worker ant (D:4)
  5 adders
  4 worms
  3 dart slugs
  A leopard gecko (D:2)
  11 orcs
  6 giant cockroaches
  11 goblins
  3 hobgoblins
  4 jackals (D:1)
  5 kobolds
  A quokka (D:4)
  2 ball pythons (D:4)
  6 bats
  6 frilled lizards
  7 rats
81 creatures vanquished.

Vanquished Creatures (others)
  A plant (D:3)
1 creature vanquished.

Grand Total: 82 creatures vanquished

Notes
Turn   | Place    | Note
-------+----------+-------------------------------------------
     0 | D:1      | growler the Demonspawn Venom Mage began the quest for the
                  | Orb.
     0 | D:1      | Reached XP level 1. HP: 13/13 MP: 3/3
    57 | D:1      | Reached skill level 1 in Transmutations
   196 | D:1      | Gained mutation: You are partially covered in icy blue
                  | scales. (AC +2) [demonic ancestry]
   196 | D:1      | Reached XP level 2. HP: 9/19 MP: 0/5
   856 | D:1      | Reached XP level 3. HP: 23/24 MP: 2/6
   859 | D:1      | Learned a level 2 spell: Poisonous Vapours
  1697 | D:2      | Found a shimmering blue altar of Sif Muna.
  1820 | D:2      | Gained mutation: You are mostly covered in icy blue scales.
                  | (AC +3) [demonic ancestry]
  1820 | D:2      | Reached XP level 4. HP: 12/30 MP: 4/8
  2075 | D:2      | Learned a level 4 spell: Olgreb's Toxic Radiance
  2799 | D:3      | Reached skill level 4 in Poison Magic
  2799 | D:3      | Reached XP level 5. HP: 25/35 MP: 3/9
  3017 | D:3      | Found a sparkling altar of Nemelex Xobeh.
  3027 | D:3      | Found a sacrificial altar of Ru.
  3178 | D:3      | Found a radiant altar of Vehumet.
  3210 | D:3      | Learned a level 3 spell: Ignite Poison
  3471 | D:3      | Noticed a phantom
  3965 | D:3      | Found a faded altar of an unknown god.
  3965 | D:3      | Found a glowing golden altar of the Shining One.
  3974 | D:3      | Found an ornate altar of the Wu Jian Council.
  3976 | D:3      | Found a stormy altar of Qazlal.
  3978 | D:3      | Found a faded altar of an unknown god.
  4543 | D:4      | Noticed an ogre
  4546 | D:4      | Killed an ogre
  4547 | D:4      | Gained mutation: You are completely covered in icy blue
                  | scales. (AC +4, rC+) [demonic ancestry]
  4547 | D:4      | Reached XP level 6. HP: 41/41 MP: 3/11
  4640 | D:4      | Found a staircase to the Ecumenical Temple.
  4650 | Temple   | Entered the Ecumenical Temple
  4725 | Temple   | Became a worshipper of Gozag Ym Sagoz the Greedy
  4752 | D:4      | Killed from afar by an orc wizard

Illustrated notes

Levels and vault maps discovered:
D:1:      shiori_arrival_maze, layout_basic
D:2:      layout_loops_ring, lemuel_doored_altar, kennysheep_decorative_pillar,
          st_stairs_11, nrook_mini_vaults
D:3:      layout_loops_ring, lemuel_crystal_altar, overflow_temple_1_default,
          chequers_temple_overflow_minitemple, nicolae_ru_the_path_less_chosen,
          minmay_misc_feat_enclosed, mrwooster_statue_mirror
D:4:      layout_cave_pools, minmay_temple_entry_mini_moons, st_stairs_13,
          uniq_natasha
Temple:   nicolae_temple_x_marks_the_god

Skill      XL: |  1  2  3  4  5 |
---------------+----------------+-----
Transmutations | 1 2 3 |  3.4
Spellcasting   | 3 |  3.9
Poison Magic   | 4 |  4.8
Dodging        | |  1.7
Stealth        | |  1.7

Action                   |  1- 3 |  4- 6 || total
-------------------------+-------+-------++-------
Melee: Unarmed           |    32 |       ||    32
       Dagger            |    20 |    89 ||   109
 Cast: Sting             |    60 |    56 ||   116
       Olgreb's Toxic Ra |       |     5 ||     5
       Poisonous Vapours |       |     2 ||     2
       Ignite Poison     |       |     2 ||     2
 Stab: Sleeping          |       |     1 ||     1
       Distracted        |       |     1 ||     1
Armor: Robe              |    16 |    23 ||    39
Dodge: Dodged            |    53 |    44 ||    97
